 Dungeon Crawl Stone Soup version 0.32-a0-571-gec57dfcd37 (webtiles) character file.

Game seed: 12114263765601454097

88 ytrimaz the Chopper (level 4, -3/33 HPs)
             Began as a Coglin Gladiator on Mar 1, 2024.
             Slain by an iguana (11 damage)
             ... on level 3 of the Dungeon.
             The game lasted 00:01:51 (1666 turns).

ytrimaz the Chopper (Coglin Gladiator)              Turns: 1666, Time: 00:01:51

Health: -3/33      AC:  4    Str: 16    XL:     4   Next: 53%
Magic:  4/4        EV: 12    Int:  8    God:
Gold:   178        SH:  0    Dex: 15    Spells: 3/3 levels left

rFire   . . .        a - +0 war axe {Bonhwa}
rCold   . . .        i - +3 mace {Nefertari}
rNeg    . . .        b - +0 leather armour
rPois   .            c - +0 helmet
rElec   .            (no cloak)
rCorr   .            (no gloves)
SInv    .            (no boots)
Will    .....        (amulet unavailable)
Stlth   +            (ring unavailable)
HPRegen 0.25/turn    (ring unavailable)
MPRegen 0.09/turn    (no gizmo)

%: no passive effects
@: lethally poisoned (-3 -> -5), revved
A: off-hand wielding, slow wielding, warmup strikes, no jewellery
a: Invent Gizmo


You were on level 3 of the Dungeon.
You visited 1 branch of the dungeon, and saw 3 of its levels.

You collected 178 gold pieces.


Innate Abilities, Weirdness & Mutations

You can wield a second weapon in your off-hand.
It takes a long time for you to wield or remove held weapons.
Your first few attacks do less damage.
You cannot equip rings or amulets.


   Skills:
 - Level 2.0 Fighting
 + Level 4.2 Axes
 - Level 1.7 Throwing
 + Level 2.4 Armour
 - Level 2.6 Dodging


You had 3 spell levels left.
You didn't know any spells.
Your spell library was empty.

Inventory:

Hand Weapons
 a - a +0 war axe (weapon) {Bonhwa}
 f - a +0 dagger {Choonhe}
 i - a +3 mace (offhand) {Nefertari}
   (You found it on level 1 of the Dungeon)
Missiles
 d - 3 throwing nets (quivered)
 e - a javelin
Armour
 b - a +0 leather armour (worn)
 c - a +0 helmet (worn)
Wands
 n - a wand of polymorph (7)
   (You found it on level 2 of the Dungeon)
Scrolls
 h - a scroll of butterflies
 j - 2 scrolls of enchant weapon
 k - a scroll of identify
 l - a scroll of teleportation
Potions
 g - a potion of mutation
 m - a potion of magic {unknown}

Dungeon Overview and Level Annotations

Branches:
Dungeon (3/15) Zot: 16293

Altars:

#####.##..#
...<..#..# #
#.#..#..#####.###
#......[.........
#......<.......
#.....########.
#...#[#
##...h.###.>
#$Sb@h.....#
#.bhlKo.####
.......S...h$..
.#####.....##.#
.....## # ...#..#
..# .## .(# .#


You could see an iguana, an orc, 4 jackals, 2 bats, 2 ball pythons and a kobold.


Message History

There is a stone staircase leading up here.
A kobold comes into view. It is wielding a +0 short sword.
The kobold shouts!
You hear a shout!
A kobold is nearby!
A kobold is nearby!
A hobgoblin and a goblin come into view.
The hobgoblin shouts!
You hear a shout!
You hear an angry hiss. x2
An endoplasm comes into view.
A kobold comes into view. It is wielding a +0 club.
A ball python, an iguana and a giant cockroach come into view.
Found 4 stones.
Found an escape hatch in the floor.
The iguana hisses angrily.
The goblin shouts!
You hear a bark!
The kobold hits you but does no damage.
The ball python moves out of view.
An adder comes into view.
The adder hisses angrily.
The kobold shouts!
You slash the kobold with your +0 war axe!
You kill the kobold!
You hear a shout!
A jackal comes into view.
The adder moves out of view.
A ball python comes into view.
You barely miss the hobgoblin with your +0 war axe.
You completely miss the goblin with your +0 war axe.
The jackal barks!
You thump the hobgoblin with your +3 mace!
You kill the hobgoblin!
You hear a shout! x2
A jackal comes into view.
The goblin closely misses you.
An orc comes into view. It is wielding a +0 short sword.
You closely miss the goblin with your +3 mace.
You closely miss the goblin with your +0 war axe.
The jackal barks!
You hit the endoplasm with your +0 war axe.
You kill the endoplasm!
The goblin hits you with a +0 dagger.
Unknown command. 😕 HP[-2]
You take 2 damage, and now have 31/33 hp.
You closely miss the goblin with your +0 war axe.
You sock the goblin with your +3 mace!
You kill the goblin!
A jackal comes into view.
The giant cockroach closely misses you.
Unknown command.
You completely miss the iguana with your +3 mace.
The jackal barks!
You hit the iguana with your +0 war axe.
You barely miss the kobold with your +0 war axe.
You hit the giant cockroach with your +0 war axe.
You hear a bark!
The jackal stops to sniff the ground.
The giant cockroach misses you. The kobold hits you but does no damage.
The iguana barely misses you.
A bat comes into view.
You closely miss the giant cockroach with your +0 war axe.
You hit the kobold with your +0 war axe.
You closely miss the jackal with your +0 war axe.
You hit the iguana with your +0 war axe.
You closely miss the jackal with your +0 war axe.
You hit the giant cockroach with your +3 mace.
You kill the giant cockroach!
A bat comes into view.
The jackal bites you.
A jackal comes into view.
The jackal misses you. The kobold completely misses you. The iguana bites you!
The jackal bites you. The jackal closely misses you.
Unknown command. 😮 HP[-9]
You take 9 damage, and now have 22/33 hp.
MASSIVE DAMAGE!! (PAUSE)
You closely miss the adder with your +3 mace.
You slash the adder with your +0 war axe!
You closely miss the jackal with your +0 war axe.
You hit the iguana but do no damage.
You hit the jackal with your +0 war axe.
You miss the kobold with your +0 war axe.
The adder bites you.
You are poisoned.
The adder poisons you! The kobold hits you but does no damage.
The jackal bites you but does no damage.
The iguana bites you!
* * * LOW HITPOINT WARNING * * *
The jackal barely misses you.
The adder bites you but does no damage. 😨 HP[-11]
You take 11 damage, and now have 11/33 hp.
MASSIVE DAMAGE!! (PAUSE)
You miss the adder with your +3 mace. You hit the adder with your +0 war axe.
You kill the adder!
You closely miss the kobold with your +0 war axe.
You barely miss the jackal with your +0 war axe.
You hit the iguana but do no damage.
You closely miss the jackal with your +0 war axe.
You feel sick. The jackal barely misses you.
The jackal pauses to sniff the ground.
The bat barely misses you. The jackal misses you.
The kobold hits you with a +0 club.
* * * LOW HITPOINT WARNING * * *
The iguana bites you!
You die...

Skill      XL: |  1  2  3 |
---------------+----------+-----
Armour         | 1 2 |  2.4
Axes           | 4 |  4.2
Fighting       | |  2.0
Throwing       | |  1.7
Dodging        | |  2.6

Action                     |  1- 3 |  4- 6 || total
---------------------------+-------+-------++-------
  Melee: War axe           |    57 |    31 ||    88
         Dagger            |    36 |       ||    36
         Mace              |    19 |    32 ||    51
    Use: Scroll            |     5 |     1 ||     6
         Potion            |     1 |       ||     1
 Armour: Leather armour    |    54 |    32 ||    86
         Skin              |    46 |       ||    46
  Dodge: Dodged            |    65 |    42 ||   107

Levels and vault maps discovered:
D:1:      mainiacjoe_arrival_oval_in_oval, layout_basic, serial_rivers,
          chequers_serial_rivers_micro_d, chequers_serial_rivers_large_a,
          chequers_serial_rivers_room_a, chequers_serial_rivers_room_a,
          chequers_serial_rivers_micro_a, chequers_serial_rivers_room_b,
          minmay_heptomino_o4
D:2:      layout_rooms, uniq_robin
D:3:      due_chaos_kobolds, layout_loops_ring,
          nicolae_overflow_ecumenical_swirl, nemelex_diamond_rough_becter,
          minmay_circle_x, uniq_terence, uniq_crazy_yiuf_cottage

Notes
Turn   | Place    | Note
-------+----------+-------------------------------------------
     0 | D:1      | ytrimaz the Coglin Gladiator began the quest for the Orb.
     0 | D:1      | Reached XP level 1. HP: 16/16 MP: 1/1
     0 | D:1      | magus.rc [v1.9.6]
   229 | D:1      | Reached XP level 2. HP: 22/22 MP: 2/2
   236 | D:1      | Reached skill level 1 in Armour
   977 | D:1      | Reached XP level 3. HP: 27/27 MP: 3/3
  1166 | D:2      | Noticed Robin
  1181 | D:2      | Killed Robin
  1183 | D:2      | Reached skill level 2 in Armour
  1193 | D:2      | Reached skill level 4 in Axes
  1193 | D:2      | Reached XP level 4. HP: 13/33 MP: 4/4
  1666 | D:3      | HP: 8/33 [kobold/+0 club (1)]
  1666 | D:3      | Slain by an iguana

Vanquished Creatures
  Robin (D:2)
  2 adders
  2 dart slugs
  5 ball pythons
  6 bats
  3 endoplasms
  3 giant cockroaches
  13 goblins
  8 hobgoblins
  5 quokkas
  A frilled lizard (D:1)
  3 kobolds
  7 rats
59 creatures vanquished.

Table legend:
 A = Non-vault XP
 B = Vault XP
 C = Vault XP percentage of total XP
 D = Non-vault monster count
 E = Vault monster count
 F = Vault count percentage of total count
                 A         B        C        D         E       F
            +---------+---------+-------+---------+---------+-------
      Total |      86 |      53 |  38.1 |      43 |      16 |  27.1
            +---------+---------+-------+---------+---------+-------
        D:1 |      30 |       4 |  11.8 |      18 |       2 |  10.0
        D:2 |      50 |      33 |  39.8 |      22 |      11 |  33.3
        D:3 |       6 |      16 |  72.7 |       3 |       3 |  50.0
            +---------+---------+-------+---------+---------+-------

Skill      XL: |  1  2  3 |
---------------+----------+-----
Armour         | 1 2 |  2.4
Axes           | 4 |  4.2
Fighting       | |  2.0
Throwing       | |  1.7
Dodging        | |  2.6

Action                     |  1- 3 |  4- 6 || total
---------------------------+-------+-------++-------
  Melee: War axe           |    57 |    31 ||    88
         Dagger            |    36 |       ||    36
         Mace              |    19 |    32 ||    51
    Use: Scroll            |     5 |     1 ||     6
         Potion            |     1 |       ||     1
 Armour: Leather armour    |    54 |    32 ||    86
         Skin              |    46 |       ||    46
  Dodge: Dodged            |    65 |    42 ||   107

Illustrated notes

Table legend:
 A = Kills in this place as a percentage of kills in the entire game.
 B = Kills by you in this place as a percentage of kills by you in the entire game.
 C = Kills by friends in this place as a percentage of kills by friends in the entire game.
 D = Other kills in this place as a percentage of other kills in the entire game.
 E = Experience gained in this place as a percentage of experience gained in the entire game.
 F = Experience gained in this place divided by the number of levels of this place that you have seen.
                   A       B       C       D       E      F
               +-------+-------+-------+-------+-------+----------------------
         Total | 100.0 | 100.0 |   N/A |   N/A | 100.0 |  46.3
       Dungeon | 100.0 | 100.0 |   N/A |   N/A | 100.0 |  46.3
               +-------+-------+-------+-------+-------+----------------------

Table legend: (Time is in decaauts)
 A = Elapsed time spent in this place.
 B = Non-inter-level travel time spent in this place.
 C = Inter-level travel time spent in this place.
 D = Time resting spent in this place.
 E = Time spent auto-exploring this place.
 F = Levels seen in this place.
 G = Mean time per level.
                   A        B        C        D        E       F      G
               +--------+--------+--------+--------+--------+-----+--------+
         Total |   1705 |   1647 |     58 |      0 |   1331 |   3 |  568.3 |
       Dungeon |   1705 |   1647 |     58 |      0 |   1331 |   3 |  568.3 |
               +--------+--------+--------+--------+--------+-----+--------+

Top non-repeatable levels by time:
     D:1: 1167 daAuts
     D:2: 522 daAuts
     D:3: 15 daAuts
